Workbook

Sheet Instructions
P48: Y2 Tab: July 1, 2026 - June 30, 2027
Q50: Select your funding source
B51: 22.1.1 - Information Dissemination - Universal: Direct-EBP | O51: State | P51: (Jul 1-Jun 30) | Q51: General Fund State - State (GFS)
B52: 22.1.2 - Information Dissemination - Universal: Indirect-EBP | O52: State | P52: (Jul 1-Jun 30) | Q52: Dedicated Cannabis Account - 315 - XZA - State (DCA - 315 - XZA)
B53: 22.1.3 - Information Dissemination - Selective-EBP | O53: State | P53: (Jul 1-Jun 30) | Q53: Dedicated Cannabis Account - 315 - Base - State (DCA - 315 - Base)
B54: 22.1.4 - Information Dissemination - Indicated-EBP | O54: Federal | P54: (Jul 1-Jun 30) | Q54: Opioid Settlement Funds - 27W - RMA2 - State (OSF - 27W - RMA2)
B55: 22.1.5 - Information Dissemination - Universal: Direct | O55: Federal | P55: (Jul 1-Jun 30) | Q55: Opioid Settlement Funds - 27W - XZA - State (OSF - 27W - XZA)
B56: 22.1.6 - Information Dissemination - Universal: Indirect | O56: Federal | P56: (Jul 1-Jun 30) | Q56: Opioid Settlement Funds - 27W - DS9A- State (OSF - 27W - DS9A)
B57: 22.1.7 - Information Dissemination - Selective | O57: Federal | P57: (Jul1-Sept30) | Q57: Substance Use Prevention Treatment Recovery Services Carryover (previously SABG) - Federal (SUPTRS CO)
B58: 22.1.8 - Information Dissemination - Indicated | O58: Federal | P58: (Jul 1-Jun 30) | Q58: Substance Use Prevention Treatment Recovery Services (previously SABG) - Federal (SUPTRS)
B59: 22.2.1 - Education - Universal: Direct-EBP | O59: Federal | P59: (July 1- Sept 29) | Q59: State Opioid Response IV Y2 - State (SOR IV Y2)
B60: 22.2.2 - Education - Universal: Indirect-EBP | O60: Federal | P60: (July 1- Sept 29) | Q60: State Opioid Response IV Y1 Carryover - State (SOR IV Y1 CO)
B61: 22.2.3 - Education - Selective-EBP | O61: Federal | P61: (Sept 30-Jun 30) | Q61: State Opioid Response IV Y3 - State (SOR IV Y3)
B62: 22.2.4 - Education - Indicated-EBP | O62: Federal | P62: (July 1- Sept 29) | Q62: Partnership for Success Y3 - Federal (PFS Y3)
... B64: 22.2.6 - Education - Universal: Indirect | O64: Federal | P64: (Sept 30-Jun 30) | Q64: Partnership for Success Y4 - Federal (PFS Y4)
B65: 22.2.7 - Education - Selective
B66: 22.2.8 - Education - Indicated
B67: 22.3.1 - Alternatives - Universal: Direct-EBP
B68: 22.3.2 - Alternatives - Universal: Indirect-EBP
B69: 22.3.3 - Alternatives - Selective-EBP
B70: 22.3.4 - Alternatives - Indicated-EBP
B71: 22.3.5 - Alternatives - Universal: Direct
B72: 22.3.6 - Alternatives - Universal: Indirect
B73: 22.3.7 - Alternatives - Selective
B74: 22.3.8 - Alternatives - Indicated
B75: 22.5.1 - Community Based Process - Universal: Direct-EBP
B76: 22.5.2 - Community Based Process - Universal: Indirect-EBP
... B94: 22.6.6 - Environmental - Universal: Indirect

Sheet Y2 Budget
A1: [Type in Coalition Name here] | F1: YEAR TWO*: | G1: July 1, 2026 - June 30, 2027
A3: [Type in Community name here] | F3: Date Budget Last Revised: | K3: OPTIONAL: | M3: Optional: Additional Funding Sources The Coalition Accesses **
K5: Any activities from your strategic plan the coalition would implement if they had additional funding? This is identified by the TBD funding source in the Action Plan legend.
A6: Category & Line Item | B6: BARS - CSAP - IOM | D6: Select your funding source | E6: Select your funding source | F6: Select your funding source | G6: Select your funding source | H6: Select your funding source | I6: SUBTOTAL Possible DBHR Funding Sources | M6: Drug Free Communities (DFC) | N6: Other Funds | O6: Match Funds | P6: Additional Funding Sources Subtotals
D7: {=_xlfn.IFS(D6="General Fund State - State (GFS)","(July 1-Jun 30)",D6="Substance Use Prevention Treatment Recovery Services Carryover (previously SABG) - Federal (SUPTRS CO) ","(July1-Sept30)",D6="Substance Use Prevention Treatment Recovery Services (previously SABG) - Federal (SUPTRS)","(July 1-Jun 30)",D6="Dedicated Cannabis Account - 315 - XZA - State (DCA - 315 - XZA) ","(July 1-June 30)",D6="Dedicated Cannabis Account - 315 - Base - State (DCA - 315 - Base) ","(July 1-Jun 30)",D6="Opioid Settlement Funds - 27W - RMA2 - State (OSF - 27W - RMA2) ","(July 1-June 30)",D6="Opioid Settlement Funds - 27W - XZA - State (OSF - 27W - XZA) ","(July 1-Jun 30)",D6="Opioid Settlement Funds - 27W - DS9A- State (OSF - 27W - DS9A) ","(July 1-June 30)",D6="Partnership for Success Y2 Carryover - Federal (PFS Y2 CO)","(July1-Sept29)",D6="Partnership for Success Y3 - Federal (PFS Y3)","(July1-Sept29)", D6="Partnership for Success Y4 - Federal (PFS Y4)","(Sept30-Jun30)",D6="State Opioid Response IV Y1 Carryover - State (SOR IV Y1 CO)","(July1-Sept29)", D6="State Opioid Response IV Y2 - State (SOR IV Y2)","(July1-Sept29)",D6="State Opioid Response IV Y3 - State (SOR IV Y3)","(Sept30-Jun30)",D6="Select your funding source","")} | E7: {=_xlfn.IFS(E6="General Fund State - State (GFS)","(July 1-Jun 30)",E6="Substance Use Prevention Treatment Recovery Services Carryover (previously SABG) - Federal (SUPTRS CO) ","(July1-Sept30)",E6="Substance Use Prevention Treatment Recovery Services (previously SABG) - Federal (SUPTRS)","(July 1-Jun 30)",E6="Dedicated Cannabis Account - 315 - XZA - State (DCA - 315 - XZA) ","(July 1-June 30)",E6="Dedicated Cannabis Account - 315 - Base - State (DCA - 315 - Base) ","(July 1-Jun 30)",E6="Opioid Settlement Funds - 27W - RMA2 - State (OSF - 27W - RMA2) ","(July 1-June 30)",E6="Opioid Settlement Funds - 27W - XZA - State (OSF - 27W - XZA) ","(July 1-Jun 30)",E6="Opioid Settlement Funds - 27W - DS9A- State (OSF - 27W - DS9A) ","(July 1-June 30)",E6="Partnership for Success Y2 Carryover - Federal (PFS Y2 CO)","(July1-Sept29)",E6="Partnership for Success Y3 - Federal (PFS Y3)","(July1-Sept29)", E6="Partnership for Success Y4 - Federal (PFS Y4)","(Sept30-Jun30)",E6="State Opioid Response IV Y1 Carryover - State (SOR IV Y1 CO)","(July1-Sept29)", E6="State Opioid Response IV Y2 - State (SOR IV Y2)","(July1-Sept29)",E6="State Opioid Response IV Y3 - State (SOR IV Y3)","(Sept30-Jun30)",E6="Select your funding source","")} | F7: {=_xlfn.IFS(F6="General Fund State - State (GFS)","(July 1-Jun 30)",F6="Substance Use Prevention Treatment Recovery Services Carryover (previously SABG) - Federal (SUPTRS CO) ","(July1-Sept30)",F6="Substance Use Prevention Treatment Recovery Services (previously SABG) - Federal (SUPTRS)","(July 1-Jun 30)",F6="Dedicated Cannabis Account - 315 - XZA - State (DCA - 315 - XZA) ","(July 1-June 30)",F6="Dedicated Cannabis Account - 315 - Base - State (DCA - 315 - Base) ","(July 1-Jun 30)",F6="Opioid Settlement Funds - 27W - RMA2 - State (OSF - 27W - RMA2) ","(July 1-June 30)",F6="Opioid Settlement Funds - 27W - XZA - State (OSF - 27W - XZA) ","(July 1-Jun 30)",F6="Opioid Settlement Funds - 27W - DS9A- State (OSF - 27W - DS9A) ","(July 1-June 30)",F6="Partnership for Success Y2 Carryover - Federal (PFS Y2 CO)","(July1-Sept29)",F6="Partnership for Success Y3 - Federal (PFS Y3)","(July1-Sept29)", F6="Partnership for Success Y4 - Federal (PFS Y4)","(Sept30-Jun30)",F6="State Opioid Response IV Y1 Carryover - State (SOR IV Y1 CO)","(July1-Sept29)", F6="State Opioid Response IV Y2 - State (SOR IV Y2)","(July1-Sept29)",F6="State Opioid Response IV Y3 - State (SOR IV Y3)","(Sept30-Jun30)",F6="Select your funding source","")} | G7: {=_xlfn.IFS(G6="General Fund State - State (GFS)","(July 1-Jun 30)",G6="Substance Use Prevention Treatment Recovery Services Carryover (previously SABG) - Federal (SUPTRS CO) ","(July1-Sept30)",G6="Substance Use Prevention Treatment Recovery Services (previously SABG) - Federal (SUPTRS)","(July 1-Jun 30)",G6="Dedicated Cannabis Account - 315 - XZA - State (DCA - 315 - XZA) ","(July 1-June 30)",G6="Dedicated Cannabis Account - 315 - Base - State (DCA - 315 - Base) ","(July 1-Jun 30)",G6="Opioid Settlement Funds - 27W - RMA2 - State (OSF - 27W - RMA2) ","(July 1-June 30)",G6="Opioid Settlement Funds - 27W - XZA - State (OSF - 27W - XZA) ","(July 1-Jun 30)",G6="Opioid Settlement Funds - 27W - DS9A- State (OSF - 27W - DS9A) ","(July 1-June 30)",G6="Partnership for Success Y2 Carryover - Federal (PFS Y2 CO)","(July1-Sept29)",G6="Partnership for Success Y3 - Federal (PFS Y3)","(July1-Sept29)", G6="Partnership for Success Y4 - Federal (PFS Y4)","(Sept30-Jun30)",G6="State Opioid Response IV Y1 Carryover - State (SOR IV Y1 CO)","(July1-Sept29)", G6="State Opioid Response IV Y2 - State (SOR IV Y2)","(July1-Sept29)",G6="State Opioid Response IV Y3 - State (SOR IV Y3)","(Sept30-Jun30)",G6="Select your funding source","")} | H7: {=_xlfn.IFS(H6="General Fund State - State (GFS)","(July 1-Jun 30)",H6="Substance Use Prevention Treatment Recovery Services Carryover (previously SABG) - Federal (SUPTRS CO) ","(July1-Sept30)",H6="Substance Use Prevention Treatment Recovery Services (previously SABG) - Federal (SUPTRS)","(July 1-Jun 30)",H6="Dedicated Cannabis Account - 315 - XZA - State (DCA - 315 - XZA) ","(July 1-June 30)",H6="Dedicated Cannabis Account - 315 - Base - State (DCA - 315 - Base) ","(July 1-Jun 30)",H6="Opioid Settlement Funds - 27W - RMA2 - State (OSF - 27W - RMA2) ","(July 1-June 30)",H6="Opioid Settlement Funds - 27W - XZA - State (OSF - 27W - XZA) ","(July 1-Jun 30)",H6="Opioid Settlement Funds - 27W - DS9A- State (OSF - 27W - DS9A) ","(July 1-June 30)",H6="Partnership for Success Y2 Carryover - Federal (PFS Y2 CO)","(July1-Sept29)",H6="Partnership for Success Y3 - Federal (PFS Y3)","(July1-Sept29)", H6="Partnership for Success Y4 - Federal (PFS Y4)","(Sept30-Jun30)",H6="State Opioid Response IV Y1 Carryover - State (SOR IV Y1 CO)","(July1-Sept29)", H6="State Opioid Response IV Y2 - State (SOR IV Y2)","(July1-Sept29)",H6="State Opioid Response IV Y3 - State (SOR IV Y3)","(Sept30-Jun30)",H6="Select your funding source","")}
A8: Admin | B8: 11.1 - Administration
A9: 15% Allowable Admin Maximum DBHR Allocation (may be divided between contractor and subcontractors). | D9: 0 | E9: 0 | F9: 0 | G9: 0 | H9: 0 | I9: =SUM(C9:H9) -> 0 | K9: 0 | M9: 0 | N9: 0 | O9: 0 | P9: =SUM(M9:O9) -> 0
A10: Salary | B10: 22.5.1 - Community Based Process - Universal: Direct-EBP
A11: Community Coalition Coordinator: [name] | D11: 0 | E11: 0 | F11: 0 | G11: 0 | H11: 0 | I11: =SUM(C11:H11) -> 0 | K11: 0 | M11: 0 | N11: 0 | O11: 0 | P11: =SUM(M11:O11) -> 0
A12: Community Coalition Coordinator: [name] | D12: 0 | E12: 0 | F12: 0 | G12: 0 | H12: 0 | I12: =SUM(C12:H12) -> 0 | K12: 0 | M12: 0 | N12: 0 | O12: 0 | P12: =SUM(M12:O12) -> 0
A13: Subtotal | D13: =SUM(D11:D12) -> 0 | E13: =SUM(E11:E12) -> 0 | F13: =SUM(F11:F12) -> 0 | G13: =SUM(G11:G12) -> 0 | H13: =SUM(H11:H12) -> 0 | I13: =SUM(C13:H13) -> 0 | K13: =SUM(K11:K12) -> 0 | M13: =SUM(M11:M12) -> 0 | N13: =SUM(N11:N12) -> 0 | O13: =SUM(O11:O12) -> 0 | P13: =SUM(M13:O13) -> 0
A14: Benefits | B14: 22.5.1 - Community Based Process - Universal: Direct-EBP
A15: Community Coalition Coordinator: [name] | D15: 0 | E15: 0 | F15: 0 | G15: 0 | H15: 0 | I15: =SUM(C15:H15) -> 0 | K15: 0 | M15: 0 | N15: 0 | O15: 0 | P15: =SUM(M15:O15) -> 0
A16: Community Coalition Coordinator: [name} | D16: 0 | E16: 0 | F16: 0 | G16: 0 | H16: 0 | I16: =SUM(C16:H16) -> 0 | K16: 0 | M16: 0 | N16: 0 | O16: 0 | P16: =SUM(M16:O16) -> 0
A17: Subtotal | D17: =SUM(D15:D16) -> 0 | E17: =SUM(E15:E16) -> 0 | F17: =SUM(F15:F16) -> 0 | G17: =SUM(G15:G16) -> 0 | H17: =SUM(H15:H16) -> 0 | I17: =SUM(C17:H17) -> 0 | K17: =SUM(K15:K16) -> 0 | M17: =SUM(M15:M16) -> 0 | N17: =SUM(N15:N16) -> 0 | O17: =SUM(O15:O16) -> 0 | P17: =SUM(M17:O17) -> 0
A18: Coordinator Travel/ Professional Development | B18: 22.5.1 - Community Based Process - Universal: Direct-EBP
A19: Mileage | D19: 0 | E19: 0 | F19: 0 | G19: 0 | H19: 0 | I19: =SUM(C19:H19) -> 0 | K19: 0 | M19: 0 | N19: 0 | O19: 0 | P19: =SUM(M19:O19) -> 0
A20: Air | D20: 0 | E20: 0 | F20: 0 | G20: 0 | H20: 0 | I20: =SUM(C20:H20) -> 0 | K20: 0 | M20: 0 | N20: 0 | O20: 0 | P20: =SUM(M20:O20) -> 0
A21: Hotel | D21: 0 | E21: 0 | F21: 0 | G21: 0 | H21: 0 | I21: =SUM(C21:H21) -> 0 | K21: 0 | M21: 0 | N21: 0 | O21: 0 | P21: =SUM(M21:O21) -> 0
A22: Lodging | D22: 0 | E22: 0 | F22: 0 | G22: 0 | H22: 0 | I22: =SUM(C22:H22) -> 0 | K22: 0 | M22: 0 | N22: 0 | O22: 0 | P22: =SUM(M22:O22) -> 0
A23: Transportation | D23: 0 | E23: 0 | F23: 0 | G23: 0 | H23: 0 | I23: =SUM(C23:H23) -> 0 | K23: 0 | M23: 0 | N23: 0 | O23: 0 | P23: =SUM(M23:O23) -> 0
A24: Registration fees | D24: 0 | E24: 0 | F24: 0 | G24: 0 | H24: 0 | I24: =SUM(C24:H24) -> 0 | K24: 0 | M24: 0 | N24: 0 | O24: 0 | P24: =SUM(M24:O24) -> 0
A25: Per diem | D25: 0 | E25: 0 | F25: 0 | G25: 0 | H25: 0 | I25: =SUM(C25:H25) -> 0 | K25: 0 | M25: 0 | N25: 0 | O25: 0 | P25: =SUM(M25:O25) -> 0
A26: Subtotal | D26: =SUM(D19:D25) -> 0 | E26: =SUM(E19:E25) -> 0 | F26: =SUM(F19:F25) -> 0 | G26: =SUM(G19:G25) -> 0 | H26: =SUM(H19:H25) -> 0 | I26: =SUM(C26:H26) -> 0 | K26: =SUM(K19:K25) -> 0 | M26: =SUM(M19:M25) -> 0 | N26: =SUM(N19:N25) -> 0 | O26: =SUM(O19:O25) -> 0 | P26: =SUM(M26:O26) -> 0
A27: Programs/Strategies
A28: Community Coalition: Universal Direct | B28: 22.5.1 - Community Based Process - Universal: Direct
A29: Travel | D29: 0 | E29: 0 | F29: 0 | G29: 0 | H29: 0 | I29: =SUM(C29:H29) -> 0 | K29: 0 | M29: 0 | N29: 0 | O29: 0 | P29: =SUM(M29:O29) -> 0
A30: Professional Services [name] | D30: 0 | E30: 0 | F30: 0 | G30: 0 | H30: 0 | I30: =SUM(C30:H30) -> 0 | K30: 0 | M30: 0 | N30: 0 | O30: 0 | P30: =SUM(M30:O30) -> 0
A31: Program Supplies | D31: 0 | E31: 0 | F31: 0 | G31: 0 | H31: 0 | I31: =SUM(C31:H31) -> 0 | K31: 0 | M31: 0 | N31: 0 | O31: 0 | P31: =SUM(M31:O31) -> 0
A32: Program Printing | D32: 0 | E32: 0 | F32: 0 | G32: 0 | H32: 0 | I32: =SUM(C32:H32) -> 0 | K32: 0 | M32: 0 | N32: 0 | O32: 0 | P32: =SUM(M32:O32) -> 0
A33: Subtotal | D33: =SUM(D29:D32) -> 0 | E33: =SUM(E29:E32) -> 0 | F33: =SUM(F29:F32) -> 0 | G33: =SUM(G29:G32) -> 0 | H33: =SUM(H29:H32) -> 0 | I33: =SUM(C33:H33) -> 0 | K33: =SUM(K29:K32) -> 0 | M33: =SUM(M29:M32) -> 0 | N33: =SUM(N29:N32) -> 0 | O33: =SUM(O29:O32) -> 0 | P33: =SUM(M33:O33) -> 0
A34: Program Name | B34: Select BARS - CSAP - IOM
A35: Salary [name] | D35: 0 | E35: 0 | F35: 0 | G35: 0 | H35: 0 | I35: =SUM(C35:H35) -> 0 | K35: 0 | M35: 0 | N35: 0 | O35: 0 | P35: =SUM(M35:O35) -> 0
A36: Benefits | D36: 0 | E36: 0 | F36: 0 | G36: 0 | H36: 0 | I36: =SUM(C36:H36) -> 0 | K36: 0 | M36: 0 | N36: 0 | O36: 0 | P36: =SUM(M36:O36) -> 0
A37: Travel | D37: 0 | E37: 0 | F37: 0 | G37: 0 | H37: 0 | I37: =SUM(C37:H37) -> 0 | K37: 0 | M37: 0 | N37: 0 | O37: 0 | P37: =SUM(M37:O37) -> 0
A38: Professional Services [name] | D38: 0 | E38: 0 | F38: 0 | G38: 0 | H38: 0 | I38: =SUM(C38:H38) -> 0 | K38: 0 | M38: 0 | N38: 0 | O38: 0 | P38: =SUM(M38:O38) -> 0
A39: Program Supplies or Printing | D39: 0 | E39: 0 | F39: 0 | G39: 0 | H39: 0 | I39: =SUM(C39:H39) -> 0 | K39: 0 | M39: 0 | N39: 0 | O39: 0 | P39: =SUM(M39:O39) -> 0
A40: Training Costs | D40: 0 | E40: 0 | F40: 0 | G40: 0 | H40: 0 | I40: =SUM(C40:H40) -> 0 | K40: 0 | M40: 0 | N40: 0 | O40: 0 | P40: =SUM(M40:O40) -> 0
A41: Subtotal | D41: =SUM(D35:D40) -> 0 | E41: =SUM(E35:E40) -> 0 | F41: =SUM(F35:F40) -> 0 | G41: =SUM(G35:G40) -> 0 | H41: =SUM(H35:H40) -> 0 | I41: =SUM(C41:H41) -> 0 | K41: =SUM(K35:K40) -> 0 | M41: =SUM(M35:M40) -> 0 | N41: =SUM(N35:N40) -> 0 | O41: =SUM(O35:O40) -> 0 | P41: =SUM(M41:O41) -> 0
A42: Program Name | B42: Select BARS - CSAP - IOM
A43: Salary [name] | D43: 0 | E43: 0 | F43: 0 | G43: 0 | H43: 0 | I43: =SUM(C43:H43) -> 0 | K43: 0 | M43: 0 | N43: 0 | O43: 0 | P43: =SUM(M43:O43) -> 0
A44: Benefits | D44: 0 | E44: 0 | F44: 0 | G44: 0 | H44: 0 | I44: =SUM(C44:H44) -> 0 | K44: 0 | M44: 0 | N44: 0 | O44: 0 | P44: =SUM(M44:O44) -> 0
A45: Travel | D45: 0 | E45: 0 | F45: 0 | G45: 0 | H45: 0 | I45: =SUM(C45:H45) -> 0 | K45: 0 | M45: 0 | N45: 0 | O45: 0 | P45: =SUM(M45:O45) -> 0
A46: Professional Services [name] | D46: 0 | E46: 0 | F46: 0 | G46: 0 | H46: 0 | I46: =SUM(C46:H46) -> 0 | K46: 0 | M46: 0 | N46: 0 | O46: 0 | P46: =SUM(M46:O46) -> 0
A47: Program Supplies or Printing | D47: 0 | E47: 0 | F47: 0 | G47: 0 | H47: 0 | I47: =SUM(C47:H47) -> 0 | K47: 0 | M47: 0 | N47: 0 | O47: 0 | P47: =SUM(M47:O47) -> 0
A48: Training Costs | D48: 0 | E48: 0 | F48: 0 | G48: 0 | H48: 0 | I48: =SUM(C48:H48) -> 0 | K48: 0 | M48: 0 | N48: 0 | O48: 0 | P48: =SUM(M48:O48) -> 0
A49: Subtotal | D49: =SUM(D43:D48) -> 0 | E49: =SUM(E43:E48) -> 0 | F49: =SUM(F43:F48) -> 0 | G49: =SUM(G43:G48) -> 0 | H49: =SUM(H43:H48) -> 0 | I49: =SUM(C49:H49) -> 0 | K49: =SUM(K43:K48) -> 0 | M49: =SUM(M43:M48) -> 0 | N49: =SUM(N43:N48) -> 0 | O49: =SUM(O43:O48) -> 0 | P49: =SUM(M49:O49) -> 0
A50: Program Name | B50: Select BARS - CSAP - IOM
A51: Salary [name] | D51: 0 | E51: 0 | F51: 0 | G51: 0 | H51: 0 | I51: =SUM(C51:H51) -> 0 | K51: 0 | M51: 0 | N51: 0 | O51: 0 | P51: =SUM(M51:O51) -> 0
A52: Benefits | D52: 0 | E52: 0 | F52: 0 | G52: 0 | H52: 0 | I52: =SUM(C52:H52) -> 0 | K52: 0 | M52: 0 | N52: 0 | O52: 0 | P52: =SUM(M52:O52) -> 0
A53: Travel | D53: 0 | E53: 0 | F53: 0 | G53: 0 | H53: 0 | I53: =SUM(C53:H53) -> 0 | K53: 0 | M53: 0 | N53: 0 | O53: 0 | P53: =SUM(M53:O53) -> 0
A54: Professional Services [name] | D54: 0 | E54: 0 | F54: 0 | G54: 0 | H54: 0 | I54: =SUM(C54:H54) -> 0 | K54: 0 | M54: 0 | N54: 0 | O54: 0 | P54: =SUM(M54:O54) -> 0
A55: Program Supplies or Printing | D55: 0 | E55: 0 | F55: 0 | G55: 0 | H55: 0 | I55: =SUM(C55:H55) -> 0 | K55: 0 | M55: 0 | N55: 0 | O55: 0 | P55: =SUM(M55:O55) -> 0
A56: Training Costs | D56: 0 | E56: 0 | F56: 0 | G56: 0 | H56: 0 | I56: =SUM(C56:H56) -> 0 | K56: 0 | M56: 0 | N56: 0 | O56: 0 | P56: =SUM(M56:O56) -> 0
A57: Subtotal | D57: =SUM(D51:D56) -> 0 | E57: =SUM(E51:E56) -> 0 | F57: =SUM(F51:F56) -> 0 | G57: =SUM(G51:G56) -> 0 | H57: =SUM(H51:H56) -> 0 | I57: =SUM(C57:H57) -> 0 | K57: =SUM(K51:K56) -> 0 | M57: =SUM(M51:M56) -> 0 | N57: =SUM(N51:N56) -> 0 | O57: =SUM(O51:O56) -> 0 | P57: =SUM(M57:O57) -> 0
A58: Program Name | B58: Select BARS - CSAP - IOM
A59: Salary [name] | D59: 0 | E59: 0 | F59: 0 | G59: 0 | H59: 0 | I59: =SUM(C59:H59) -> 0 | K59: 0 | M59: 0 | N59: 0 | O59: 0 | P59: =SUM(M59:O59) -> 0
A60: Benefits | D60: 0 | E60: 0 | F60: 0 | G60: 0 | H60: 0 | I60: =SUM(C60:H60) -> 0 | K60: 0 | M60: 0 | N60: 0 | O60: 0 | P60: =SUM(M60:O60) -> 0
A61: Travel - (Mileage & Fuel) | D61: 0 | E61: 0 | F61: 0 | G61: 0 | H61: 0 | I61: =SUM(C61:H61) -> 0 | K61: 0 | M61: 0 | N61: 0 | O61: 0 | P61: =SUM(M61:O61) -> 0
A62: Professional Services [name] | D62: 0 | E62: 0 | F62: 0 | G62: 0 | H62: 0 | I62: =SUM(C62:H62) -> 0 | K62: 0 | M62: 0 | N62: 0 | O62: 0 | P62: =SUM(M62:O62) -> 0
A63: Program Supplies or Printing | D63: 0 | E63: 0 | F63: 0 | G63: 0 | H63: 0 | I63: =SUM(C63:H63) -> 0 | K63: 0 | M63: 0 | N63: 0 | O63: 0 | P63: =SUM(M63:O63) -> 0
A64: Training Costs | D64: 0 | E64: 0 | F64: 0 | G64: 0 | H64: 0 | I64: =SUM(C64:H64) -> 0 | K64: 0 | M64: 0 | N64: 0 | O64: 0 | P64: =SUM(M64:O64) -> 0
A65: Subtotal | D65: =SUM(D59:D64) -> 0 | E65: =SUM(E59:E64) -> 0 | F65: =SUM(F59:F64) -> 0 | G65: =SUM(G59:G64) -> 0 | H65: =SUM(H59:H64) -> 0 | I65: =SUM(C65:H65) -> 0 | K65: =SUM(K59:K64) -> 0 | M65: =SUM(M59:M64) -> 0 | N65: =SUM(N59:N64) -> 0 | O65: =SUM(O59:O64) -> 0 | P65: =SUM(M65:O65) -> 0
A66: Public Awareness: [name of program or strategy] | B66: 22.1.6 - Information Dissemination - Universal: Indirect
A67: Salary [name] | D67: 0 | E67: 0 | F67: 0 | G67: 0 | H67: 0 | I67: =SUM(C67:H67) -> 0 | K67: 0 | M67: 0 | N67: 0 | O67: 0 | P67: =SUM(M67:O67) -> 0
A68: Benefits | D68: 0 | E68: 0 | F68: 0 | G68: 0 | H68: 0 | I68: =SUM(C68:H68) -> 0 | K68: 0 | M68: 0 | N68: 0 | O68: 0 | P68: =SUM(M68:O68) -> 0
A69: Travel | D69: 0 | E69: 0 | F69: 0 | G69: 0 | H69: 0 | I69: =SUM(C69:H69) -> 0 | K69: 0 | M69: 0 | N69: 0 | O69: 0 | P69: =SUM(M69:O69) -> 0
A70: Professional Services [name] | D70: 0 | E70: 0 | F70: 0 | G70: 0 | H70: 0 | I70: =SUM(C70:H70) -> 0 | K70: 0 | M70: 0 | N70: 0 | O70: 0 | P70: =SUM(M70:O70) -> 0
A71: Program Supplies or Printing | D71: 0 | E71: 0 | F71: 0 | G71: 0 | H71: 0 | I71: =SUM(C71:H71) -> 0 | K71: 0 | M71: 0 | N71: 0 | O71: 0 | P71: =SUM(M71:O71) -> 0
A72: Training Costs | D72: 0 | E72: 0 | F72: 0 | G72: 0 | H72: 0 | I72: =SUM(C72:H72) -> 0 | K72: 0 | M72: 0 | N72: 0 | O72: 0 | P72: =SUM(M72:O72) -> 0
A73: Subtotal | D73: =SUM(D67:D72) -> 0 | E73: =SUM(E67:E72) -> 0 | F73: =SUM(F67:F72) -> 0 | G73: =SUM(G67:G72) -> 0 | H73: =SUM(H67:H72) -> 0 | I73: =SUM(C73:H73) -> 0 | K73: =SUM(K67:K72) -> 0 | M73: =SUM(M67:M72) -> 0 | N73: =SUM(N67:N72) -> 0 | O73: =SUM(O67:O72) -> 0 | P73: =SUM(M73:O73) -> 0
A74: Community Outreach: [name of program or strategy] | B74: 22.1.6 - Information Dissemination - Universal: Indirect
A75: Salary [name] | D75: 0 | E75: 0 | F75: 0 | G75: 0 | H75: 0 | I75: =SUM(C75:H75) -> 0 | K75: 0 | M75: 0 | N75: 0 | O75: 0 | P75: =SUM(M75:O75) -> 0
A76: Benefits | D76: 0 | E76: 0 | F76: 0 | G76: 0 | H76: 0 | I76: =SUM(C76:H76) -> 0 | K76: 0 | M76: 0 | N76: 0 | O76: 0 | P76: =SUM(M76:O76) -> 0
A77: Travel | D77: 0 | E77: 0 | F77: 0 | G77: 0 | H77: 0 | I77: =SUM(C77:H77) -> 0 | K77: 0 | M77: 0 | N77: 0 | O77: 0 | P77: =SUM(M77:O77) -> 0
A78: Professional Services [name] | D78: 0 | E78: 0 | F78: 0 | G78: 0 | H78: 0 | I78: =SUM(C78:H78) -> 0 | K78: 0 | M78: 0 | N78: 0 | O78: 0 | P78: =SUM(M78:O78) -> 0
A79: Program Supplies or Printing | D79: 0 | E79: 0 | F79: 0 | G79: 0 | H79: 0 | I79: =SUM(C79:H79) -> 0 | K79: 0 | M79: 0 | N79: 0 | O79: 0 | P79: =SUM(M79:O79) -> 0
A80: Training Costs | D80: 0 | E80: 0 | F80: 0 | G80: 0 | H80: 0 | I80: =SUM(C80:H80) -> 0 | K80: 0 | M80: 0 | N80: 0 | O80: 0 | P80: =SUM(M80:O80) -> 0
A81: Subtotal | D81: =SUM(D75:D80) -> 0 | E81: =SUM(E75:E80) -> 0 | F81: =SUM(F75:F80) -> 0 | G81: =SUM(G75:G80) -> 0 | H81: =SUM(H75:H80) -> 0 | I81: =SUM(C81:H81) -> 0 | K81: =SUM(K75:K80) -> 0 | M81: =SUM(M75:M80) -> 0 | N81: =SUM(N75:N80) -> 0 | O81: =SUM(O75:O80) -> 0 | P81: =SUM(M81:O81) -> 0
A82: Environmental Strategy: [name of program or strategy] | B82: Select BARS - CSAP - IOM
A83: Salary [name] | D83: 0 | E83: 0 | F83: 0 | G83: 0 | H83: 0 | I83: =SUM(C83:H83) -> 0 | K83: 0 | M83: 0 | N83: 0 | O83: 0 | P83: =SUM(M83:O83) -> 0
A84: Benefits | D84: 0 | E84: 0 | F84: 0 | G84: 0 | H84: 0 | I84: =SUM(C84:H84) -> 0 | K84: 0 | M84: 0 | N84: 0 | O84: 0 | P84: =SUM(M84:O84) -> 0
A85: Travel | D85: 0 | E85: 0 | F85: 0 | G85: 0 | H85: 0 | I85: =SUM(C85:H85) -> 0 | K85: 0 | M85: 0 | N85: 0 | O85: 0 | P85: =SUM(M85:O85) -> 0
A86: Professional Services [name] | D86: 0 | E86: 0 | F86: 0 | G86: 0 | H86: 0 | I86: =SUM(C86:H86) -> 0 | K86: 0 | M86: 0 | N86: 0 | O86: 0 | P86: =SUM(M86:O86) -> 0
A87: Program Supplies or Printing | D87: 0 | E87: 0 | F87: 0 | G87: 0 | H87: 0 | I87: =SUM(C87:H87) -> 0 | K87: 0 | M87: 0 | N87: 0 | O87: 0 | P87: =SUM(M87:O87) -> 0
A88: Training Costs | D88: 0 | E88: 0 | F88: 0 | G88: 0 | H88: 0 | I88: =SUM(C88:H88) -> 0 | K88: 0 | M88: 0 | N88: 0 | O88: 0 | P88: =SUM(M88:O88) -> 0
A89: Subtotal | D89: =SUM(D83:D88) -> 0 | E89: =SUM(E83:E88) -> 0 | F89: =SUM(F83:F88) -> 0 | G89: =SUM(G83:G88) -> 0 | H89: =SUM(H83:H88) -> 0 | I89: =SUM(C89:H89) -> 0 | K89: =SUM(K83:K88) -> 0 | M89: =SUM(M83:M88) -> 0 | N89: =SUM(N83:N88) -> 0 | O89: =SUM(O83:O88) -> 0 | P89: =SUM(M89:O89) -> 0
A90: Required Trainings for Coordinators
A91: Coalition Leadership Institute | B91: 22.5.1 - Community Based Process - Universal: Direct-EBP
A92: Registration Fees | D92: 0 | E92: 0 | F92: 0 | G92: 0 | H92: 0 | I92: =SUM(C92:H92) -> 0 | K92: 0 | M92: 0 | N92: 0 | O92: 0 | P92: =SUM(M92:O92) -> 0
A93: Travel Costs | D93: 0 | E93: 0 | F93: 0 | G93: 0 | H93: 0 | I93: =SUM(C93:H93) -> 0 | K93: 0 | M93: 0 | N93: 0 | O93: 0 | P93: =SUM(M93:O93) -> 0
A94: Meals (if applicable) | D94: 0 | E94: 0 | F94: 0 | G94: 0 | H94: 0 | I94: =SUM(C94:H94) -> 0 | K94: 0 | M94: 0 | N94: 0 | O94: 0 | P94: =SUM(M94:O94) -> 0
A95: Printing/Supplies (if applicable) | D95: 0 | E95: 0 | F95: 0 | G95: 0 | H95: 0 | I95: =SUM(C95:H95) -> 0 | K95: 0 | M95: 0 | N95: 0 | O95: 0 | P95: =SUM(M95:O95) -> 0
D96: 0 | E96: 0 | F96: 0 | G96: 0 | H96: 0 | I96: =SUM(C96:H96) -> 0 | K96: 0 | M96: 0 | N96: 0 | O96: 0 | P96: =SUM(M96:O96) -> 0
A97: Subtotal | D97: =SUM(D92:D96) -> 0 | E97: =SUM(E92:E96) -> 0 | F97: =SUM(F92:F96) -> 0 | G97: =SUM(G92:G96) -> 0 | H97: =SUM(H92:H96) -> 0 | I97: =SUM(D97:H97) -> 0 | K97: =SUM(K92:K96) -> 0 | M97: =SUM(M92:M96) -> 0 | N97: =SUM(N92:N96) -> 0 | O97: =SUM(O92:O96) -> 0 | P97: =SUM(M97:O97) -> 0
A98: Prevention Summit & Provider Meeting | B98: 22.5.1 - Community Based Process - Universal: Direct-EBP
A99: Registration Fees | D99: 0 | E99: 0 | F99: 0 | G99: 0 | H99: 0 | I99: =SUM(C99:H99) -> 0 | K99: 0 | M99: 0 | N99: 0 | O99: 0 | P99: =SUM(M99:O99) -> 0
A100: Travel Costs | D100: 0 | E100: 0 | F100: 0 | G100: 0 | H100: 0 | I100: =SUM(C100:H100) -> 0 | K100: 0 | M100: 0 | N100: 0 | O100: 0 | P100: =SUM(M100:O100) -> 0
A101: Meals | D101: 0 | E101: 0 | F101: 0 | G101: 0 | H101: 0 | I101: =SUM(C101:H101) -> 0 | K101: 0 | M101: 0 | N101: 0 | O101: 0 | P101: =SUM(M101:O101) -> 0
A102: Printing/Supplies (if applicable) | D102: 0 | E102: 0 | F102: 0 | G102: 0 | H102: 0 | I102: =SUM(C102:H102) -> 0 | K102: 0 | M102: 0 | N102: 0 | O102: 0 | P102: =SUM(M102:O102) -> 0
...

Sheet Summary for Printing
A2: CATEGORY | D2: ='Y2 Budget'!D127 | E2: ='Y2 Budget'!E127 | F2: ='Y2 Budget'!F127 | G2: ='Y2 Budget'!G127 | H2: ='Y2 Budget'!H127 | I2: SUBTOTALS | K2: OPTIONAL: TBD additional funding | M2: Drug Free Communities (DFC) | N2: Other Funds | O2: Match Funds | P2: SUBTOTALS
A3: Administration | D3: =SUM('Y2 Budget'!D128) -> 0 | E3: =SUM('Y2 Budget'!E128) -> 0 | F3: =SUM('Y2 Budget'!F128) -> 0 | G3: =SUM('Y2 Budget'!G128) -> 0 | H3: =SUM('Y2 Budget'!H128) -> 0 | I3: =SUM(C3:H3) -> 0 | K3: =SUM('Y2 Budget'!K128) -> 0 | M3: =SUM('Y2 Budget'!M128) -> 0 | N3: =SUM('Y2 Budget'!N128) -> 0 | O3: =SUM('Y2 Budget'!O128) -> 0 | P3: =SUM(M3:O3) -> 0
A4: Salary and Benefits | D4: =SUM('Y2 Budget'!D129) -> 0 | E4: =SUM('Y2 Budget'!E129) -> 0 | F4: =SUM('Y2 Budget'!F129) -> 0 | G4: =SUM('Y2 Budget'!G129) -> 0 | H4: =SUM('Y2 Budget'!H129) -> 0 | I4: =SUM(C4:H4) -> 0 | K4: =SUM('Y2 Budget'!K129) -> 0 | M4: =SUM('Y2 Budget'!M129) -> 0 | N4: =SUM('Y2 Budget'!N129) -> 0 | O4: =SUM('Y2 Budget'!O129) -> 0 | P4: =SUM(M4:O4) -> 0
A5: Coordinator Training/Travel | D5: =SUM('Y2 Budget'!D130) -> 0 | E5: =SUM('Y2 Budget'!E130) -> 0 | F5: =SUM('Y2 Budget'!F130) -> 0 | G5: =SUM('Y2 Budget'!G130) -> 0 | H5: =SUM('Y2 Budget'!H130) -> 0 | I5: =SUM(C5:H5) -> 0 | K5: =SUM('Y2 Budget'!K130) -> 0 | M5: =SUM('Y2 Budget'!M130) -> 0 | N5: =SUM('Y2 Budget'!N130) -> 0 | O5: =SUM('Y2 Budget'!O130) -> 0 | P5: =SUM(M5:O5) -> 0
A6: Strategies and Programs | D6: =SUM('Y2 Budget'!D131) -> 0 | E6: =SUM('Y2 Budget'!E131) -> 0 | F6: =SUM('Y2 Budget'!F131) -> 0 | G6: =SUM('Y2 Budget'!G131) -> 0 | H6: =SUM('Y2 Budget'!H131) -> 0 | I6: =SUM(C6:H6) -> 0 | K6: =SUM('Y2 Budget'!K131) -> 0 | M6: =SUM('Y2 Budget'!M131) -> 0 | N6: =SUM('Y2 Budget'!N131) -> 0 | O6: =SUM('Y2 Budget'!O131) -> 0 | P6: =SUM(M6:O6) -> 0
A7: Coalition/Community Training | D7: =SUM('Y2 Budget'!D132) -> 0 | E7: =SUM('Y2 Budget'!E132) -> 0 | F7: =SUM('Y2 Budget'!F132) -> 0 | G7: =SUM('Y2 Budget'!G132) -> 0 | H7: =SUM('Y2 Budget'!H132) -> 0 | I7: =SUM(C7:H7) -> 0 | K7: =SUM('Y2 Budget'!K132) -> 0 | M7: =SUM('Y2 Budget'!M132) -> 0 | N7: =SUM('Y2 Budget'!N132) -> 0 | O7: =SUM('Y2 Budget'!O132) -> 0 | P7: =SUM(M7:O7) -> 0
A8: YEAR 2 TOTALS | D8: =SUM(D3:D7) -> 0 | E8: =SUM(E3:E7) -> 0 | F8: =SUM(F3:F7) -> 0 | G8: =SUM(G3:G7) -> 0 | H8: =SUM(H3:H7) -> 0 | I8: =SUM(C8:H8) -> 0 | K8: =SUM(K3:K7) -> 0 | M8: =SUM(M3:M7) -> 0 | N8: =SUM(N3:N7) -> 0 | O8: =SUM(O3:O7) -> 0 | P8: =SUM(M8:O8) -> 0

Sheet Funding Sources
B2: Y1: July 1, 2025 - June 30, 2026 | F2: Y2: July 1, 2026 - June 30, 2027
C4: Available Funding Sources, Across CPWI | G4: Available Funding Sources, Across CPWI
A5: State | B5: (Jul 1-Jun 30) | C5: General Fund State - State (GFS) | E5: State | F5: (Jul 1-Jun 30) | G5: General Fund State - State (GFS)
A6: Federal | B6: (Jul 1-Sept 30) | C6: Substance Use Prevention Treatment Recovery Services Carryover (previously SABG) - Federal (SUPTRS CO) | E6: State | F6: (Jul 1-Jun 30) | G6: Dedicated Cannabis Account - 315 - XZA - State (DCA - 315 - XZA)
A7: Federal | B7: (Jul 1-Jun 30) | C7: Substance Use Prevention Treatment Recovery Services (previously SABG) - Federal (SUPTRS) | E7: State | F7: (Jul 1-Jun 30) | G7: Dedicated Cannabis Account - 315 - Base - State (DCA - 315 - Base)
A8: Federal | B8: (Jul 1-Sept 29) | C8: American Rescue Plan Act - Federal (ARPA) | E8: Federal | F8: (Jul 1-Jun 30) | G8: Opioid Settlement Funds - 27W - RMA2 - State (OSF - 27W - RMA2)
A9: State | B9: (Jul 1-Jun 30) | C9: Dedicated Cannabis Account - State (DCA) | E9: Federal | F9: (Jul 1-Jun 30) | G9: Opioid Settlement Funds - 27W - XZA - State (OSF - 27W - XZA)
A10: State | B10: (Jul 1-Jun 30) | C10: Opioid Settlement Funds - State (OSF) | E10: Federal | F10: (Jul 1-Jun 30) | G10: Opioid Settlement Funds - 27W - DS9A- State (OSF - 27W - DS9A)
A11: Federal | B11: (July 1-Sept29, 2025) | C11: Partnership for Success Y1 Carryover - Federal (PFS Y1 CO) | E11: Federal | F11: (Jul1-Sept30) | G11: Substance Use Prevention Treatment Recovery Services Carryover (previously SABG) - Federal (SUPTRS CO)
E12: Federal | F12: (Jul 1-Jun 30) | G12: Substance Use Prevention Treatment Recovery Services (previously SABG) - Federal (SUPTRS)
A13: Federal | B13: (July 1-Sept29, 2025) | C13: Partnership for Success Y2 - Federal (PFS Y2) | E13: Federal | F13: (July 1- Sept 29) | G13: State Opioid Response IV Y2 - State (SOR IV Y2)
A14: Federal | B14: (Sept 30-Jun 30, 2026) | C14: Partnership for Success Y3 - Federal (PFS Y3) | E14: Federal | F14: (July 1- Sept 29) | G14: State Opioid Response IV Y1 Carryover - State (SOR IV Y1 CO)
E15: Federal | F15: (Sept 30-Jun 30) | G15: State Opioid Response IV Y3 - State (SOR IV Y3)
A16: Federal | B16: (July 1-Sept29, 2025) | C16: State Opioid Response IV Y1 - State (SOR IV Y1) | E16: Federal | F16: (July 1- Sept 29) | G16: Partnership for Success Y3 - Federal (PFS Y3)
A17: Federal | B17: (Sept 30-Jun 30, 2026) | C17: State Opioid Response IV Y2 - State (SOR IV Y2) | E17: Federal | F17: (July 1- Sept 29) | G17: Partnership for Success Y2 Carryover - Federal (PFS Y2 CO)
E18: Federal | F18: (Sept 30-Jun 30) | G18: Partnership for Success Y4 - Federal (PFS Y4)
